Description

Heromarine vs TheFruitDude

Replay - HeroMarine v TheFruitDude - Interloper LE

Build Order

Get SALT Encoding   

  12  0:01  SCV  
  13  0:13  SCV  
  14  0:18  Supply Depot  
  14  0:25  SCV  
  15  0:36  Refinery  
  15  0:40  SCV  
  16  0:45  Barracks  
  16  0:52  SCV  
  17  1:04  SCV  
  18  1:16  SCV  
  19  1:32  Orbital Command  
  19  1:33  Reaper  
  20  1:43  Command Center  
  20  1:55  Factory  
  20  1:58  SCV  
  21  2:02  Refinery  
  21  2:10  SCV  
  21  2:13  Barracks Reactor  
  21  2:15  Supply Depot  
  22  2:22  SCV  
  24  2:40  Starport  
  25  2:53  Hellion x2  
  25  2:55  Barracks Tech Lab  
  25  2:57  Orbital Command  
  31  3:15  Hellion x2  
  35  3:25  Viking  
  41  3:44  Supply Depot  
  41  3:48  Hellion x2  
  46  4:01  Supply Depot  
  46  4:05  Raven  
  50  4:18  Barracks Tech Lab  
  50  4:23  Command Center  
  54  4:37  Barracks x2  
  54  4:38  Factory Reactor  
  54  4:40  Marine  
  54  4:42  Stimpack  
  57  4:48  Engineering Bay x2  
  57  4:57  Marine  
  57  4:59  Supply Depot  
  60  5:01  Starport Reactor  
  62  5:14  Barracks x2  
  62  5:19  Terran Infantry Armor Level 1, Terran Infantry Weapons Level 1  
  62  5:20  Marine  
  65  5:24  Refinery x2  
  65  5:32  Siege Tank  
  65  5:35  Marine x2  
  72  5:37  Orbital Command  
  72  5:43  Marine x3  
  77  5:51  Medivac x2  
  77  5:52  Marine x2  
  84  6:03  Orbital Command, Barracks Reactor x2  
  85  6:17  Siege Tank  
  93  6:32  Medivac x2  
  111  6:51  Armory  
  115  6:57  Combat Shields  
  117  7:14  Factory  
  123  7:25  Medivac  
  125  7:32  Refinery x2  
  125  7:33  Medivac  
  125  7:34  Siege Tank  
  135  7:57  Terran Infantry Weapons Level 2  
  141  8:01  Terran Infantry Armor Level 2  
  132  8:08  Factory Tech Lab  
  132  8:12  Medivac x2  
  147  8:27  Terran Vehicle Weapons Level 1  
  147  8:30  Siege Tank  
  155  8:37  Siege Tank  
  168  8:58  Medivac x2  
  168  9:02  Siege Tank  
  173  9:13  Thor  
  178  9:21  Missile Turret  
  186  9:38  Command Center  
  173  9:42  Siege Tank  
  169  9:56  Siege Tank  
Spawning Tool Build Advisor. Get it on Overwolf

Go to:

Details

  • Created by: ostseedude   
  • Published on: Aug 12, 2017
  • Modified on: Aug 12, 2017
  • Patch: 3.8.0
Show
View Real Time Build Order
Export as new Build Order

Comments (0)

There are no comments. Be the first!

Create an account to comment!